 Dungeon Crawl Stone Soup version 0.29.1-2-gbd0b4ee654 (webtiles) character file.

Game seed: 8800881216814137077

37 funnyparkerb the Grave Robber (level 3, 0/24 HPs)
             Began as a Mummy Necromancer on Nov 20, 2022.
             Slain by Terence
             ... wielding a +1 vorpal flail
              (1 damage)
             ... on level 2 of the Dungeon.
             The game lasted 00:01:59 (1681 turns).

funnyparkerb the Grave Robber (Mummy Necromancer)   Turns: 1681, Time: 00:02:00

Health: 0/24       AC:  2    Str: 11    XL:     3   Next: 23%
Magic:  2/8        EV: 12    Int: 16    God:
Gold:   85         SH:  0    Dex: 12    Spells: 8/9 levels left

rFire   x . .      SeeInvis .   b - +1 dagger (freeze)
rCold   + . .      Faith    .   (no shield)
rNeg    + + +      Spirit   .   a - +0 robe
rPois   ∞          Reflect  .   (no helmet)
rElec   .          Harm     .   (no cloak)
rCorr   .          Rampage  .   (no gloves)
Will    .....                   (no boots)
Stlth   ++........              (no amulet)
HPRegen 0.08/turn               (no ring)
MPRegen 0.11/turn               (no ring)

@: no status effects
A: cold resistance 1, negative energy resistance 3, torment resistance 2, heat
vulnerability 1, in touch with death 1, no potions
a: no special abilities


You were on level 2 of the Dungeon.
You visited 1 branch of the dungeon, and saw 2 of its levels.

You collected 85 gold pieces.

Inventory:

Hand Weapons
 b - a +1 dagger of freezing (weapon)
Armour
 a - a +0 robe (worn)
Scrolls
 c - a scroll of fog {unknown}
 d - 2 scrolls of identify {unknown}
 e - a scroll of enchant armour {unknown}
 f - a scroll of magic mapping {unknown}


   Skills:
 - Level 1.5 Dodging
 - Level 1.5 Stealth
 + Level 3.8 Spellcasting
 + Level 4.6 Necromancy


You had 8 spell levels left.
You knew the following spells:

 Your Spells              Type           Power      Damage    Failure   Level
a - Necrotise             Necr           100%       1d9       2%          1

Your spell library contained the following spells:

 Spells                   Type           Power      Damage    Failure   Level
 Vampiric Draining        Necr           26%        2d7       8%          3
 Animate Dead             Necr           26%        N/A       26%         4
 Agony                    Necr           26%        N/A       58%         5


Dungeon Overview and Level Annotations

Branches:
Dungeon (2/15)

Altars:

Annotations:
D:2 Terence


Innate Abilities, Weirdness & Mutations

You are immune to poison.
Your flesh is cold resistant. (rC+)
You are immune to negative energy. (rN+++)
You are immune to unholy pain and torment.
You are vulnerable to heat. (rF-)
You are in touch with the powers of death.
You do not drink.


Message History

Found 6 gold pieces.
There are monsters nearby!
You feel a surge of power!
The endoplasm quivers.
The endoplasm barely resists.
The frilled lizard hisses angrily.
You feel a surge of power!
The endoplasm barely resists.
You feel a surge of power!
The endoplasm writhes in agony.
You kill the endoplasm!
You feel a surge of power!
The frilled lizard writhes in agony.
You kill the frilled lizard!
The dead are walking!
You can't see any susceptible monsters within range! (Use Z to cast anyway.)
You can't see any susceptible monsters within range! (Use Z to cast anyway.) Terence the Incautious comes into view.
He is wielding a +1 vorpal flail.
Found a coppery potion.
Terence shouts!
There is an open door here.
Terence is nearby!
You feel a surge of power!
Terence writhes in agony.
You feel a surge of power!
Terence writhes in agony.
Your frilled lizard skeleton barely misses Terence.
Terence barely misses you.
You feel a surge of power!
Terence writhes in agony!
Your frilled lizard skeleton bites Terence but does no damage.
Terence hits you with a +1 vorpal flail!
Ouch! That really hurt!
Terence attacks as you move away! Terence barely misses you.
Your frilled lizard skeleton barely misses Terence.
Terence attacks as you move away!
Terence hits you with a +1 vorpal flail!
* * * LOW HITPOINT WARNING * * *
x2 You hit Terence but do no damage.
Terence is heavily wounded.
Terence closely misses you.
You barely miss Terence.
Terence is heavily wounded.
Your frilled lizard skeleton bites Terence.
Terence hits you with a +1 vorpal flail.
You die...

######### #........).
#.......# #..........
#.......# #..........
#.......# #..........
#.......# #.......... .
#.......# #..........
..##.......###..........
...g.............†......
#...@...###..........
##..@#### #..........
###Z# #..........
#........# ###########
#.......!# #.......$#
#######..# #+#


You could see Terence (ally target), a hobgoblin and a friendly frilled lizard
skeleton.

Vanquished Creatures
  A worm (D:1)
  3 dart slugs
  3 ball pythons (D:1)
  3 endoplasms
  3 goblins
  5 hobgoblins (D:1)
  A kobold (D:2)
  2 bats (D:1)
  2 frilled lizards
  2 rats
25 creatures vanquished.

Vanquished Creatures (collateral kills)
  A kobold (D:1)
  A rat (D:1)
2 creatures vanquished.

Grand Total: 27 creatures vanquished

Notes
Turn   | Place    | Note
-------+----------+-------------------------------------------
     0 | D:1      | funnyparkerb the Mummy Necromancer began the quest for the
                  | Orb.
     0 | D:1      | Reached XP level 1. HP: 13/13 MP: 4/4
   180 | D:1      | Reached XP level 2. HP: 13/19 MP: 0/6
  1231 | D:1      | Gained mutation: You are in touch with the powers of death.
                  | [Mummy growth]
  1231 | D:1      | Reached XP level 3. HP: 18/24 MP: 2/8
  1674 | D:2      | Noticed Terence
  1679 | D:2      | HP: 1/24 [Terence/+1 vorpal flail (1)]
  1681 | D:2      | Slain by Terence

Illustrated notes

Levels and vault maps discovered:
D:1:      ebering_hopf_link, layout_basic, fountainhead, nicolae_wormholes
D:2:      layout_basic, ebering_ecumenical_altar_webs, basic_altar,
          serial_bayou_pond_e, nicolae_figureground_pulse, uniq_terence

Skill      XL: |  1 |
---------------+----+-----
Spellcasting   | 3 |  3.8
Dodging        | |  1.5
Stealth        | |  1.5
Necromancy     | |  4.6

Action                   || total
-------------------------++-------
Melee: Dagger            ||     5
       Unarmed           ||     3
 Cast: Necrotise         ||    57
Armor: Robe              ||     2
Dodge: Dodged            ||    10
